 Dungeon Crawl Stone Soup version 0.22-a0-240-g539252a (webtiles) character file.

17 tidbits the Insei (level 2, 7/23 HPs)
             Began as a Gnoll Transmuter on Feb 21, 2018.
             Quit the game on level 2 of the Dungeon.
             The game lasted 00:01:04 (135 turns).

tidbits the Insei (Gnoll Transmuter)                 Turns: 135, Time: 00:01:04

Health: 7/23       AC:  2    Str: 12    XL:     2   Next: 62%
Magic:  6/7        EV: 14    Int: 15    God:
Gold:   0          SH:  0    Dex: 15    Spells: 9/10 levels left

rFire    . . .     SeeInvis .     - Unarmed
rCold    . . .     Gourm    .   (no shield)
rNeg     . . .     Faith    .   b - +0 robe
rPois    .         Spirit   .   (no helmet)
rElec    .         Reflect  .   (no cloak)
rCorr    .         Harm     .   (no gloves)
MR       .....                  (boots currently unavailable)
Stlth    ++........             (no amulet)
HPRegen  0.07/turn              (no ring)
MPRegen  0.10/turn              (no ring)

@: lethally poisoned (7 -> -6), appendage
A: distributed training, fangs 1, talons 3, strong nose
a: End Transformation


You were on level 2 of the Dungeon.
You were not hungry.
You had grown temporary talons.
You visited 1 branch of the dungeon, and saw 2 of its levels.

Inventory:

Hand Weapons
 e - a +0 dagger
Missiles
 a - 12 arrows
 d - 21 stones (quivered)
Armour
 b - a +0 robe (worn)
Scrolls
 f - a scroll of identify {unknown}
 g - a scroll of magic mapping {unknown}
Comestibles
 c - a ration


   Skills:
 + Level 2.5 Fighting
 + Level 0.4 Short Blades
 + Level 0.4 Long Blades
 + Level 0.4 Axes
 + Level 0.4 Maces & Flails
 + Level 0.4 Polearms
 + Level 0.4 Staves
 + Level 0.4 Slings
 + Level 0.4 Bows
 + Level 0.4 Crossbows
 + Level 0.4 Throwing
 + Level 0.4 Armour
 + Level 4.5 Dodging
 + Level 0.4 Stealth
 + Level 0.4 Shields
 + Level 6.5 Unarmed Combat
 + Level 4.9 Spellcasting
 + Level 0.2 Conjurations
 + Level 0.2 Hexes
 + Level 0.2 Charms
 + Level 0.2 Summonings
 + Level 0.2 Necromancy
 + Level 0.2 Translocations
 + Level 3.7 Transmutations
 + Level 0.2 Fire Magic
 + Level 0.2 Ice Magic
 + Level 0.2 Air Magic
 + Level 0.2 Earth Magic
 + Level 0.2 Poison Magic
 + Level 0.5 Invocations
 + Level 0.4 Evocations


You had 9 spell levels left.
You knew the following spells:

 Your Spells              Type           Power        Failure   Level  Hunger
e - Beastly Appendage     Tmut           ##....       3%          1    None


Dungeon Overview and Level Annotations

Branches:
Dungeon (2/15)

Altars:


Innate Abilities, Weirdness & Mutations

Your experience applies equally to all skills.
You have very sharp teeth.
Your uncanny sense of smell can sniff out nearby items.
You have claws for feet.


Message History

You kill the giant cockroach!
You closely miss the leopard gecko. You headbutt the leopard gecko.
The leopard gecko is moderately wounded.
The leopard gecko barely misses you.
You miss the leopard gecko. Your headbutt misses the leopard gecko.
The leopard gecko is moderately wounded.
The leopard gecko barely misses you. x2
You closely miss the leopard gecko. Your bite misses the leopard gecko.
The leopard gecko is moderately wounded.
The leopard gecko closely misses you.
You barely miss the leopard gecko.
You kill the leopard gecko!
Your horns disappear.
You see here a giant cockroach corpse.
Things that are here:
a dagger; a goblin corpse
e - a dagger You see here a scroll labeled OXEIFO YLUIQYC.
f - a scroll labeled OXEIFO YLUIQYC You see here a scroll labeled COAKIOZARI.
g - a scroll labeled COAKIOZARI
There is a stone staircase leading down here.
You climb downwards.
A bat, a worm, a goblin and a hobgoblin come into view.
Found a dagger and a hand axe.
There is a stone staircase leading up here.
Unknown command.
The bat closely misses you.
The goblin shouts!
You barely miss the goblin.
You hear a shout!
The bat closely misses you.
You hear an angry hiss.
The goblin closely misses you.
An adder comes into view.
Casting: Beastly Appendage (safe; 3% risk of failure)
Confirm with . or Enter, or press ? or * to list all spells.
Your feet morph into talons.
The goblin hits you with a dagger.
You miss the goblin.
You kill the goblin!
You have reached level 2!
The bat misses you. The bat hits you but does no damage.
You barely miss the bat. Your kick misses the bat. You bite the bat.
The bat is moderately wounded.
The bat closely misses you. The bat barely misses you.
A goblin comes into view.
You barely miss the bat.
The bat is moderately wounded.
The bat barely misses you.
You hit the bat.
The bat is severely wounded.
The bat hits you but does no damage.
You miss the bat. You bite the bat, but do no damage.
The bat is severely wounded.
The bat hits you.
You barely miss the bat.
The bat is severely wounded.
The bat hits you but does no damage. x2
You hit the bat but do no damage.
You kill the bat!
You barely miss the adder. The adder misses you.
You closely miss the adder. Your kick misses the adder. The adder misses you.
The adder bites you.
You are poisoned.
The adder poisons you!
You closely miss the adder. You claw the adder.
The adder is heavily wounded.
You feel sick. The adder barely misses you.
You miss the adder. Your kick misses the adder.
The adder is heavily wounded.
The adder bites you.
You are more poisoned.
The adder poisons you!
You miss the adder. Your bite misses the adder.
The adder is heavily wounded.
You feel sick. The adder bites you but does no damage.
You closely miss the adder. Your kick misses the adder.
The adder is heavily wounded.
The adder bites you.
* * * LOW HITPOINT WARNING * * *
You are lethally poisoned!
The adder poisons you!
You hit the adder.
You kill the adder!
* * * LOW HITPOINT WARNING * * *
You feel sick.
* * * LOW HITPOINT WARNING * * *
You feel sick. The goblin closely misses you.
Things that are here:
a dagger; a goblin corpse You barely miss the goblin.
* * * LOW HITPOINT WARNING * * *
You feel sick. The goblin barely misses you.
You aren't carrying any potions.
You aren't carrying any potions.
You closely miss the goblin. Your kick misses the goblin.
* * * LOW HITPOINT WARNING * * *
You feel sick. The goblin barely misses you.
Are you sure you want to abandon this character and quit the game? (Confirm with "yes".)

## .. ####.####
........# #.# #@#
.#.######g##.#
......b<.w...#
g............)...
........#.#######
######.#...# ∆ ..
..... ∆ .##
..)#.. ..
...##...


You could see a worm and a goblin.

Vanquished Creatures
  An adder (D:2)
  A leopard gecko (D:1)
  A giant cockroach (D:1)
  2 goblins
  A bat (D:2)
  2 frilled lizards (D:1)
8 creatures vanquished.

Notes
Turn   | Place    | Note
-------+----------+-------------------------------------------
     0 | D:1      | tidbits the Gnoll Transmuter began the quest for the Orb.
     0 | D:1      | Reached XP level 1. HP: 17/17 MP: 6/6
   117 | D:2      | Reached XP level 2. HP: 22/23 MP: 5/7
   135 | D:2      | Quit the game

Vault maps used:
D:1:      dpeg_arrival_three_same_balls, fountainhead, minmay_split_cup_small
D:2:      minmay_cut_off

Action                   || total
-------------------------++-------
Melee: Unarmed           ||    29
       Headbutt          ||     4
       Bite              ||     3
       Punch             ||     1
       Kick              ||     2
 Cast: Beastly Appendage ||     3
Armor: Robe              ||     8
Dodge: Dodged            ||    23

Table legend:
 A = Spawn XP
 B = Non-spawn XP
 C = Spawn XP percentage of total XP
 D = Spawn monster count
 E = Non-spawn monster count
 F = Spawn count percentage of total count
 G = Total turns spent on level
                    A         B        C        D         E        F      G
               +---------+---------+-------+---------+---------+-------+---------
         Total |       0 |      25 |   0.0 |       0 |       8 |   0.0 |   135
               +---------+---------+-------+---------+---------+-------+---------
           D:1 |       0 |       9 |   0.0 |       0 |       5 |   0.0 |   110
           D:2 |       0 |      16 |   0.0 |       0 |       3 |   0.0 |    25
               +---------+---------+-------+---------+---------+-------+---------

Table legend:
 A = Turns spent in this place as a percentage of turns spent in the entire game.
 B = Non-inter-level travel turns spent in this place as a percentage of non-inter-level travel turns spent in the entire game.
 C = Inter-level travel turns spent in this place as a percentage of turns spent in this place.
 D = Turns resting spent in this place as a percentage of non-inter-level travel turns spent in this place.
 E = Turns spent auto-exploring this place as a percentage of non-inter-level travel turns spent in this place.
 F = Non-inter-level travel turns spent in this place divided by the number of levels of this place that you've seen.
                   A       B       C       D       E      F
               +-------+-------+-------+-------+-------+----------------------
         Total | 100.0 | 100.0 |   0.0 |   0.0 |   0.0 |  67.5
       Dungeon | 100.0 | 100.0 |   0.0 |   0.0 |   0.0 |  67.5
               +-------+-------+-------+-------+-------+----------------------

Table legend:
 A = Kills in this place as a percentage of kills in entire the game.
 B = Kills by you in this place as a percentage of kills by you in the entire game.
 C = Kills by friends in this place as a percentage of kills by friends in the entire game.
 D = Other kills in this place as a percentage of other kills in the entire game.
 E = Experience gained in this place as a percentage of experience gained in the entire game.
 F = Experience gained in this place divided by the number of levels of this place that you have seen.
                   A       B       C       D       E      F
               +-------+-------+-------+-------+-------+----------------------
         Total | 100.0 | 100.0 |   N/A |   N/A | 100.0 |  12.5
       Dungeon | 100.0 | 100.0 |   N/A |   N/A | 100.0 |  12.5
               +-------+-------+-------+-------+-------+----------------------

Vault maps used:
D:1:      dpeg_arrival_three_same_balls, fountainhead, minmay_split_cup_small
D:2:      minmay_cut_off
